 Dungeon Crawl Stone Soup version 0.18.1-5-g4a78601 (webtiles) character file.

5443 Mefis the Thaumaturge (level 10, -11/50 HPs)
             Began as a Deep Elf Wizard on May 8, 2016.
             Was an Initiate of Sif Muna.
             Killed by the malice of Vehumet (25 damage)
             ... on level 10 of the Dungeon on May 9, 2016.
             The game lasted 00:56:59 (13007 turns).

Mefis the Thaumaturge (Deep Elf Wizard)            Turns: 13007, Time: 00:56:59

Health: -11/50     AC:  9    Str:  4    XL:     10   Next: 41%
Magic:  16/25      EV: 15    Int: 30    God:    Sif Muna [......]
Gold:   280        SH:  6    Dex: 13    Spells: 10 memorised, 2 levels left

rFire  . . .     SeeInvis .     V - staff of earth
rCold  . . .     Gourm    .     a - +0 robe
rNeg   . . .     Faith    .     r - +2 buckler {rPois}
rPois  +         Spirit   .     H - +1 helmet {Int+3}
rElec  .         Dismiss  .     m - +1 cloak
rCorr  .         Reflect  .     (no gloves)
SustAt .         Harm     .     (no boots)
MR     ++...                    S - amulet of regeneration
Stlth  ++++......               X - +3 ring of protection
                                K - ring of protection from magic

@: very resistant to hostile enchantments, stealthy
A: no striking features
a: Renounce Religion


You were on level 10 of the Dungeon.
You worshipped Sif Muna.
Sif Muna was noncommittal.
You were hungry.

You visited 2 branches of the dungeon, and saw 11 of its levels.

You collected 655 gold pieces.
You spent 375 gold pieces at shops.

Inventory:

Hand Weapons
 b - a +3 shortbow of flaming
 G - the +5 whip of Expedience {drain, rF+}
   (You found it on level 5 of the Dungeon)

   A truly terrible weapon, it drains the life of those it strikes.
   It protects you from fire.
 J - a +1 dagger of draining
 Y - a +0 blowgun
Missiles
 g - 59 poisoned needles
 p - 161 arrows
 O - 18 tomahawks (quivered)
 W - 2 curare-tipped needles
Armour
 a - a +0 robe (worn)
 m - a +1 cloak (worn)
 r - a +2 buckler of poison resistance (worn)
 F - a +0 shield
 H - a +1 helmet of intelligence (worn)
Magical Staves
 T - an uncursed staff of wizardry
 V - an uncursed staff of earth (weapon)
Jewellery
 h - an uncursed amulet of harm
 y - an uncursed amulet of the gourmand
 K - a ring of protection from magic (left hand)
 S - an amulet of regeneration (around neck)
 X - a +3 ring of protection (right hand)
Wands
 e - a wand of teleportation (2/9)
 B - a wand of paralysis (13/24)
 Z - a wand of acid (8/15)
Scrolls
 j - a scroll of blinking
 l - a scroll of fog
 o - 2 scrolls of recharging
 u - 2 scrolls of enchant weapon
 v - 4 scrolls of teleportation
 z - a scroll of summoning {unknown}
 C - a scroll of immolation {unknown}
 L - a scroll of amnesia {unknown}
 M - a scroll of enchant armour {unknown}
 N - 2 scrolls of noise
Potions
 i - a potion of heal wounds {unknown}
 k - a potion of resistance {unknown}
 n - 2 potions of magic {unknown}
 q - 4 potions of curing
 s - 2 potions of might {unknown}
 t - 2 potions of degeneration {unknown}
 A - 3 potions of berserk rage
 D - 2 potions of cancellation {unknown}
 E - a potion of haste {unknown}
 Q - a potion of flight
Books
 c - a book of Minor Magic

   Spells                             Type                      Level
   a - Magic Dart                     Conjuration                  1
   b - Blink                          Translocation                2
   c - Call Imp                       Summoning                    2
   d - Repel Missiles                 Charms/Air                   2
   e - Slow                           Hexes                        2
   f - Conjure Flame                  Conjuration/Fire             3
   g - Mephitic Cloud                 Conjuration/Poison/Air       3
 x - a book of Flames

   Spells                             Type                      Level
   a - Flame Tongue                   Conjuration/Fire             1
   b - Throw Flame                    Conjuration/Fire             2
   c - Conjure Flame                  Conjuration/Fire             3
   d - Inner Flame                    Hexes/Fire                   3
   e - Sticky Flame                   Conjuration/Fire             4
   f - Fireball                       Conjuration/Fire             5
 U - a book of Debilitation

   Spells                             Type                      Level
   a - Corona                         Hexes                        1
   b - Slow                           Hexes                        2
   c - Gell's Gravitas                Hexes/Translocation          3
   d - Inner Flame                    Hexes/Fire                   3
   e - Cause Fear                     Hexes                        4
   f - Leda's Liquefaction            Hexes/Earth                  4
Comestibles
 d - 3 bread rations
 f - 9 fruits
 w - 3 slices of pizza
 I - 4 beef jerkies


   Skills:
 + Level 7.0 Dodging
 + Level 8.1 Stealth
 + Level 1.5 Shields
 * Level 9.7 Spellcasting
 + Level 6.3 Conjurations
 + Level 2.9 Hexes
 + Level 2.6 Charms
 - Level 3.4 Summonings
 + Level 4.0 Translocations
 + Level 7.4 Fire Magic
 + Level 2.3 Earth Magic
 - Level 2.8 Poison Magic


You had 2 spell levels left.
You knew the following spells:

 Your Spells              Type           Power        Failure   Level  Hunger
a - Magic Dart            Conj           ####         1%          1    None
b - Call Imp              Summ           #####...     1%          2    None
c - Blink                 Tloc           N/A          1%          2    None
d - Fireball              Conj/Fire      ######....   10%         5    ###....
e - Mephitic Cloud        Conj/Pois/Air  ###.....     6%          3    None
f - Conjure Flame         Conj/Fire      ######..     1%          3    None
g - Slow                  Hex            ####....     2%          2    None
h - Inner Flame           Hex/Fire       #####...     1%          3    None
p - Repel Missiles        Chrm/Air       ##....       6%          2    None
s - Stone Arrow           Conj/Erth      ######       2%          3    None


Dungeon Overview and Level Annotations

Branches:
Dungeon (10/15)            Temple (1/1) D:5
   Lair: D:8-11         Orc: D:9-12

Altars:
Ashenzari
Cheibriados
Dithmenos
Elyvilon
Fedhas
Gozag
Kikubaaqudgha
Makhleb
Nemelex Xobeh
Okawaru
Pakellas
Qazlal
Ru
Sif Muna
Trog
Vehumet
Xom
Yredelemnul
Zin
The Shining One

Shops:
D:8 *


Message History

Confirm with . or Enter, or press ? or * to list all spells.
Aiming: Stone Arrow
Press: ? - help, Shift-Dir - straight line, f/p - iguana
Aim: an iguana (lightly wounded)
You feel a surge of power!
Vehumet does not allow the disloyal to dabble in destruction!
You are blasted with magical energy!
Ouch! That really hurt!
* * * LOW HITPOINT WARNING * * *
The stone arrow misses the iguana.
Casting: Stone Arrow
Confirm with . or Enter, or press ? or * to list all spells.
Aiming: Stone Arrow
Press: ? - help, Shift-Dir - straight line, f/p - iguana
Aim: an iguana (lightly wounded)
You feel a surge of power!
Vehumet does not allow the disloyal to dabble in destruction!
You are blasted with magical energy!
Ouch! That really hurt!
You die...

.# # .######
#. ..#... ...
....# .. ....#
#+#.###....#$.
#.............
#>..@..l.>..
##...#......
###.# #####
... #.# #.#
#.# #.#


You could see an iguana.

Vanquished Creatures
  Maurice (D:9)
  A two-headed ogre (D:9)
  3 yaks (D:9)
  Grum (D:8)
  4 ice beasts
  3 orc warriors
  2 sky beasts
  6 ogres
  3 centaurs
  2 wolves (D:8)
  6 big kobolds (D:8)
  4 giant frogs
  A gnoll sergeant (D:7)
  3 scorpions
  3 killer bees (D:8)
  4 wights (D:9)
  4 howler monkeys (D:8)
  2 crimson imps
  A centaur skeleton (D:7)
  7 orc priests
  2 hounds
  4 orc wizards
  Terence (D:2)
  6 iguanas
  Natasha (twice) (D:2)
  3 worker ants
  2 hound zombies
  A worker ant zombie (D:9)
  12 adders
  3 shadow imps
  An adder zombie (D:9)
  An ooze (D:1)
  A worm (D:6)
  A dart slug (D:2)
  6 giant geckos
  25 orcs
  8 bats
  4 giant cockroaches
  10 goblins
  6 hobgoblins
  6 jackals
  5 quokkas
  2 ball pythons
  A giant gecko skeleton (D:4)
  A giant gecko zombie (D:6)
  5 giant newts
  A jackal skeleton (D:4)
  18 kobolds
  8 rats
207 creatures vanquished.

Vanquished Creatures (collateral kills)
  Grinder (D:4)
  An ogre (D:4)
  Blork the orc (D:5)
  A worm (D:3)
  An orc (D:4)
  A ball python (D:5)
  A jackal (D:6)
7 creatures vanquished.

Vanquished Creatures (others)
  A fire vortex (D:7)
1 creature vanquished.

Grand Total: 215 creatures vanquished

Notes
Turn   | Place    | Note
--------------------------------------------------------------
     0 | D:1      | Mefis the Deep Elf Wizard began the quest for the Orb.
     0 | D:1      | Reached XP level 1. HP: 10/10 MP: 7/7
    78 | D:1      | Upgraded the game from 0.18.1-2-ga659475 to 0.18.1-5-g4a78601
   231 | D:1      | Reached XP level 2. HP: 15/15 MP: 6/9
   235 | D:1      | Learned a level 2 spell: Call Imp
   238 | D:1      | Learned a level 2 spell: Blink
   241 | D:1      | Learned a level 2 spell: Repel Missiles
   675 | D:1      | Reached skill level 5 in Spellcasting
  1079 | D:1      | Reached XP level 3. HP: 19/19 MP: 8/11
  1084 | D:1      | Learned a level 3 spell: Mephitic Cloud
  1777 | D:2      | Found a shattered altar of Ashenzari.
  1813 | D:2      | Reached XP level 4. HP: 24/24 MP: 7/13
  1869 | D:2      | Found a snail-covered altar of Cheibriados.
  1927 | D:2      | Noticed Natasha
  1934 | D:2      | Killed Natasha
  2094 | D:2      | Noticed Terence
  2104 | D:2      | Noticed Natasha
  2128 | D:2      | Killed Natasha
  2130 | D:2      | Killed Terence
  2130 | D:2      | Reached skill level 1 in Poison Magic
  2130 | D:2      | Reached XP level 5. HP: 19/28 MP: 1/14
  2242 | D:2      | Found an oddly glowing altar of Pakellas.
  2244 | D:2      | Found a sacrificial altar of Ru.
  2250 | D:2      | Found a radiant altar of Vehumet.
  2252 | D:2      | Found a burning altar of Makhleb.
  2349 | D:2      | Became a worshipper of Vehumet
  2457 | D:2      | Learned a level 3 spell: Conjure Flame
  3500 | D:3      | You fall through a shaft for 3 floors!
  3574 | D:5      | Entered Level 5 of the Dungeon
  3636 | D:5      | Reached skill level 1 in Fire Magic
  3636 | D:5      | Reached XP level 6. HP: 32/32 MP: 11/16
  3689 | D:5      | Noticed Blork the orc
  4317 | D:4      | Noticed Grinder
  4328 | D:4      | Reached XP level 7. HP: 36/36 MP: 1/17
  4704 | D:4      | Killed Grinder
  4704 | D:4      | Reached skill level 6 in Spellcasting
  4864 | D:4      | Found a stormy altar of Qazlal.
  4866 | D:4      | Noticed a water elemental
  4867 | D:4      | Noticed an air elemental
  4867 | D:4      | Noticed a fire elemental
  4954 | D:4      | Reached * piety under Vehumet
  4954 | D:4      | Offered knowledge of Shock by Vehumet.
  5446 | D:5      | Learned a level 5 spell: Fireball
  5496 | D:5      | Killed Blork the orc
  5610 | D:5      | Got a scorched whip
  5611 | D:5      | Identified the +5 whip of Expedience {drain, rF+} (You found it on level 5 of the Dungeon)
  5892 | D:5      | Reached skill level 5 in Stealth
  5892 | D:5      | Reached XP level 8. HP: 30/41 MP: 1/19
  6199 | D:5      | Found a sacrificial altar of Ru.
  6248 | D:5      | Found a staircase to the Ecumenical Temple.
  6254 | Temple   | Entered the Ecumenical Temple
  7504 | D:7      | Reached skill level 5 in Dodging
  7742 | D:7      | Reached skill level 7 in Spellcasting
  7982 | D:7      | Reached skill level 5 in Fire Magic
  8082 | D:7      | Reached ** piety under Vehumet
  8082 | D:7      | Reached skill level 5 in Conjurations
  8284 | D:7      | Offered knowledge of Sting by Vehumet.
  8805 | D:7      | Found an ancient bone altar of Kikubaaqudgha.
  8860 | D:7      | Reached XP level 9. HP: 38/45 MP: 1/22
  9719 | D:8      | Reached skill level 8 in Spellcasting
  9721 | D:8      | Offered knowledge of Stone Arrow by Vehumet.
 10546 | D:8      | Noticed Grum
 10567 | D:8      | Killed Grum
 10567 | D:8      | Reached skill level 9 in Spellcasting
 10678 | D:8      | Learned a level 2 spell: Slow
 10682 | D:8      | Learned a level 3 spell: Stone Arrow
 10686 | D:8      | Learned a level 3 spell: Inner Flame
 10750 | D:8      | Reached *** piety under Vehumet
 11004 | D:8      | Found Zatsedol's Elemental Accessories.
 11008 | D:8      | Reached skill level 1 in Hexes
 11066 | D:8      | Bought an uncursed staff of earth for 375 gold pieces
 11309 | D:9      | Noticed Maurice
 11314 | D:9      | Killed Maurice
 11314 | D:9      | Reached skill level 1 in Shields
 11314 | D:9      | Reached skill level 1 in Charms
 11314 | D:9      | Reached skill level 1 in Earth Magic
 11314 | D:9      | Reached XP level 10. HP: 50/50 MP: 9/25
 11644 | D:9      | Gained mutation: Your movements are slightly less encumbered by armour (ER -2). [mutagenic meat]
 11645 | D:9      | Gained mutation: Your muscles are strong. (Str +2) [mutagenic meat]
 11647 | D:9      | Gained mutation: Scrolls take you a little longer to read. [mutagenic meat]
 11975 | D:9      | Lost mutation: Scrolls take you a little longer to read. [potion of cure mutation]
 11975 | D:9      | Lost mutation: Your muscles are strong. (Str +2) [potion of cure mutation]
 11975 | D:9      | Lost mutation: Your movements are slightly less encumbered by armour (ER -2). [potion of cure mutation]
 12584 | D:9      | Identified a scroll of acquirement
 12822 | D:9      | Found a deep blue altar of Sif Muna.
 12828 | D:9      | Fell from the grace of Vehumet
 12828 | D:9      | Became a worshipper of Sif Muna the Loreminder
 12886 | D:10     | Entered Level 10 of the Dungeon
 13007 | D:10     | Killed by the malice of Vehumet

Skill      XL: |  1  2  3  4  5  6  7  8  9 10 |
---------------+-------------------------------+-----
Spellcasting   | 5 6 7 9 |  9.7
Conjurations   | 2 3 4 5 6 |  6.3
Summonings     | 2 3 |  3.4
Translocations | 2 3 4 |  4.0
Dodging        | 3 4 5 6 7 |  7.0
Poison Magic   | 1 2 |  2.8
Stealth        | 3 4 5 6 7 8 |  8.1
Fire Magic     | 1 3 5 7 |  7.4
Hexes          | 1 2 |  2.9
Shields        | 1 |  1.5
Charms         | 1 2 |  2.6
Earth Magic    | 1 2 |  2.3

Action                   |  1- 3 |  4- 6 |  7- 9 | 10-12 || total
-------------------------+-------+-------+-------+-------++-------
Melee: Dagger            |     6 |    12 |    44 |       ||    62
       Whip              |       |       |     8 |       ||     8
       Staff             |       |       |       |     1 ||     1
 Cast: Magic Dart        |    84 |   102 |   269 |    32 ||   487
       Repel Missiles    |     1 |       |     2 |       ||     3
       Call Imp          |       |     5 |     8 |       ||    13
       Mephitic Cloud    |       |    10 |    25 |     2 ||    37
       Blink             |       |     2 |     6 |     1 ||     9
       Conjure Flame     |       |     2 |     2 |       ||     4
       Fireball          |       |       |    33 |    12 ||    45
       Stone Arrow       |       |       |    11 |    22 ||    33
  Use: Scroll            |     2 |       |     6 |    10 ||    18
       Potion            |       |       |       |     1 ||     1
 Stab: Sleeping          |     2 |     3 |     4 |     1 ||    10
       Confused          |       |     1 |     4 |       ||     5
  Eat: Chunk             |     2 |     5 |    28 |     8 ||    43
       Bread ration      |       |     1 |       |       ||     1
       Fruit             |       |       |       |     1 ||     1
Armor: Robe              |     5 |     2 |    14 |     5 ||    26
Dodge: Dodged            |    25 |     7 |    84 |    10 ||   126
       Deflected         |       |       |     7 |     2 ||     9
